 Dungeon Sprint DCSS version 0.29-a0-563-g64e4043184 (webtiles) character file.

Game seed: 1918624727835345159

8600000 mhtbhm the Axe Maniac (level 27, -4/256 (273) HPs)
             Began as a Minotaur Monk on June 11, 2022.
             Was the Champion of Makhleb.
             Slain by a meat beast (16 damage)
             ... in the Dungeon (Sprint VIII: "Arena of Blood").
             The game lasted 00:04:31 (86 turns).

mhtbhm the Axe Maniac (Minotaur Monk)                 Turns: 86, Time: 00:04:31

HP:   -4/256 (273)  AC:  4    Str: 26    XL:     27
MP:   17/53         EV: 29    Int:  7    God:    Makhleb [******]
Gold: 0             SH:  0    Dex: 17    Spells: 80/80 levels left

rFire   . . .      SeeInvis .   j - +∞ Axe of Woe
rCold   . . .      Faith    .   (shield currently unavailable)
rNeg    . . .      Spirit   .   b - +0 robe
rPois   .          Reflect  .   (helmet restricted)
rElec   .          Harm     .   (no cloak)
rCorr   .          Rampage  .   (no gloves)
Will    ++...      NoTele   +   (no boots)
Stlth   ++++++++++              (no amulet)
HPRegen 0.52/turn               (no ring)
MPRegen 0.33/turn               (no ring)

@: drained
A: horns 2, retaliatory headbutt
a: Renounce Religion, Minor Destruction, Lesser Servant of Makhleb, Major
Destruction, Greater Servant of Makhleb


You were in the Dungeon.
You worshipped Makhleb.
Makhleb was exalted by your worship.
You visited 1 branch

Inventory:

Hand Weapons
 a - a +0 hand axe
 j - the +∞ Axe of Woe (weapon)
   (You found it in the Dungeon)
Armour
 b - a +0 robe (worn)
Scrolls
 i - a scroll of blinking
Potions
 c - a potion of ambrosia
 d - a potion of curing
 e - a potion of heal wounds
 f - a potion of haste
 g - 2 potions of magic
 h - a potion of berserk rage


   Skills:
 O Level 27 Fighting
 O Level 27 Short Blades
 O Level 27 Long Blades
 O Level 27 Axes
 O Level 27 Maces & Flails
 O Level 27 Polearms
 O Level 27 Staves
 O Level 27 Slings
 O Level 27 Bows
 O Level 27 Crossbows
 O Level 27 Throwing
 O Level 27 Armour
 O Level 27 Dodging
 O Level 27 Stealth
 O Level 27 Shields
 O Level 27 Unarmed Combat
 O Level 27 Spellcasting
 O Level 27 Conjurations
 + Level 18.1 Hexes
 + Level 19.6 Summonings
 + Level 19.6 Necromancy
 + Level 19.6 Translocations
 O Level 27 Transmutations
 O Level 27 Fire Magic
 - Level 1.3 Ice Magic
 - Level 1.5 Air Magic
 - Level 1.5 Earth Magic
 O Level 27 Poison Magic
 O Level 27 Invocations
 O Level 27 Evocations


You had 80 spell levels left.
You didn't know any spells.
Your spell library was empty.

Dungeon Overview and Level Annotations

Branches:
Dungeon (1/1)

Altars:
Makhleb


Innate Abilities, Weirdness & Mutations

You have a pair of horns on your head.
You reflexively headbutt those who attack you in melee.


Message History

Your Necromancy skill gained 2 levels and is now at level 19!
Your Translocations skill gained 2 levels and is now at level 19!
Unknown command.
Unknown command.
The meat beast gives a hideous shriek!
The bag of meat shouts!
You slice the bag of meat!!
You fatally mangle the bag of meat.
You blow up the bag of meat!
Makhleb accepts your kill.
You feel better.
You hear a shout! x2
A meat beast comes into view.
You hear a shout!
A meat berserker comes into view. It is wielding a +9 battleaxe.
You hear a shout!
The dread throws damnation at you.
The sphere of damnation explodes!
The damnation engulfs you!!!
A bolt of negative energy appears from out of thin air!
Deactivating autopickup; reactivate with Ctrl-A.
The bolt of negative energy hits you!!!
You feel drained.
* * * LOW HITPOINT WARNING * * *
The bolt of negative energy hits the dread.
The dread completely resists.
The dread is engulfed in blazing flames.
You hear a shout!
The meat beast moves out of view.
Unknown command.
Okay, then.
A meat berserker comes into view. It is wielding a +9 battleaxe.
The meat beast appears out of thin air!
A meat beast comes into view.
The meat beast misses you. You furiously retaliate!
You headbutt the meat beast! The meat beast tramples you!
* * * LOW HITPOINT WARNING * * *
You hold your ground!
You hear a shout! x2
The meat beast croaks, "Despond, thou jarring saucy pot-faker!"
The meat beast bites you!!
* * * LOW HITPOINT WARNING * * *
The meat beast tramples you!
You die...

#..............
#.............
....#..........O.
........o.....O.o
.o......○))......
..o... #W).O...#
..#... #°)W....#
......###)).....###.
......){)@.###......
...#..)))V2._......
#....)))#.....#.
......))2#_.V._#
.#.....§.#...O.#
...#2.....O.§..O...
...........###..{...
......###.O. ..###.
...... #.... ..#


You could see 3 meat beasts, 2 destroyers, a large bag of meat (inner flame), 2
dreads, 6 meat berserkers and 2 bags of meat.

Vanquished Creatures
  2 hell beasts (D)
  4 royal mummies (D)
  A wraith (D)
  7 vampire knights (D)
  34 ogres (D)
  6 two-headed ogres (D)
  3 liches (D)
  A phantom (D)
  60 orcs (D)
  3 skeletal warriors (D)
121 creatures vanquished.

Notes
Turn   | Place    | Note
-------+----------+-------------------------------------------
     0 | D        | Found the +∞ Axe of Woe
     0 | D        | mhtbhm the Minotaur Monk began the quest for the Orb.
     0 | D        | Reached XP level 1. HP: 19/19 MP: 0/0
     2 | D        | Noticed a bag of meat
     4 | D        | Noticed a bag of meat
     4 | D        | Became a worshipper of Makhleb the Destroyer
     4 | D        | Reached * piety under Makhleb
     4 | D        | Reached ** piety under Makhleb
     5 | D        | Noticed a bag of meat
     5 | D        | Noticed a meat berserker
     6 | D        | Killed a bag of meat
     6 | D        | Noticed a bag of meat
     7 | D        | Reached XP level 2. HP: 50/50 MP: 0/7
     7 | D        | Reached XP level 3. HP: 57/57 MP: 0/9
     7 | D        | Reached XP level 4. HP: 64/64 MP: 0/10
     7 | D        | Reached XP level 5. HP: 71/71 MP: 0/12
     7 | D        | Reached XP level 6. HP: 80/80 MP: 0/13
     7 | D        | Reached XP level 7. HP: 86/86 MP: 0/14
     7 | D        | Reached XP level 8. HP: 94/94 MP: 0/15
     7 | D        | Reached XP level 9. HP: 101/101 MP: 0/16
     7 | D        | Reached XP level 10. HP: 108/108 MP: 0/17
     7 | D        | Noticed a bag of meat
     7 | D        | Noticed a bag of meat
     7 | D        | Noticed a meat berserker
     7 | D        | Noticed a bag of meat
     9 | D        | Killed a meat berserker
     9 | D        | Killed a bag of meat
     9 | D        | Noticed a meat berserker
     9 | D        | Noticed a bag of meat
    10 | D        | Reached skill level 15 in Invocations
    10 | D        | Reached XP level 11. HP: 106/128 MP: 0/21
    10 | D        | Reached XP level 12. HP: 114/137 MP: 0/22
    10 | D        | Reached XP level 13. HP: 120/145 MP: 0/23
    10 | D        | Killed a meat berserker
    10 | D        | Reached *** piety under Makhleb
    10 | D        | Noticed a meat berserker
    11 | D        | Killed a meat berserker
    12 | D        | Reached XP level 14. HP: 61/162 MP: 0/26
    12 | D        | Killed a meat berserker
    13 | D        | Killed a bag of meat
    13 | D        | Reached **** piety under Makhleb
    13 | D        | Killed a bag of meat
    13 | D        | Killed a bag of meat
    13 | D        | Noticed a meat berserker
    14 | D        | Reached skill level 27 in Fighting
    14 | D        | Reached skill level 27 in Axes
    14 | D        | Reached XP level 15. HP: 95/174 MP: 1/29
    14 | D        | Reached ***** piety under Makhleb
    14 | D        | Noticed a meat berserker
    15 | D        | Reached skill level 27 in Dodging
    15 | D        | Noticed a meat berserker
    15 | D        | Killed a meat berserker
    16 | D        | Reached skill level 1 in Long Blades
    16 | D        | Reached skill level 1 in Maces & Flails
    16 | D        | Reached skill level 1 in Spellcasting
    16 | D        | Reached skill level 1 in Conjurations
    16 | D        | Reached skill level 1 in Hexes
    16 | D        | Reached skill level 1 in Summonings
    16 | D        | Reached skill level 1 in Necromancy
    16 | D        | Reached skill level 1 in Translocations
    16 | D        | Reached skill level 1 in Transmutations
    16 | D        | Reached skill level 1 in Fire Magic
    16 | D        | Reached skill level 1 in Ice Magic
    16 | D        | Reached skill level 1 in Air Magic
    16 | D        | Reached skill level 1 in Earth Magic
    16 | D        | Reached skill level 1 in Poison Magic
    16 | D        | Reached skill level 27 in Invocations
    16 | D        | Reached skill level 1 in Evocations
    16 | D        | Reached XP level 16. HP: 135/183 MP: 1/32
    16 | D        | Noticed a meat berserker
    16 | D        | Killed a meat berserker
    17 | D        | Reached skill level 5 in Stealth
    17 | D        | Noticed a meat berserker
    18 | D        | Noticed a meat berserker
    19 | D        | Noticed a meat berserker
    19 | D        | Noticed a meat berserker
    20 | D        | Killed a meat berserker
    20 | D        | Killed a meat berserker
    20 | D        | Noticed a meat berserker
    21 | D        | Reached skill level 27 in Armour
    21 | D        | Reached XP level 17. HP: 191/191 MP: 2/33
    21 | D        | Killed a meat berserker
    22 | D        | Noticed a meat berserker
    24 | D        | Killed a meat berserker
    25 | D        | Killed a meat berserker
    25 | D        | Reached ****** piety under Makhleb
    25 | D        | Noticed a large bag of meat
    26 | D        | Reached skill level 27 in Stealth
    26 | D        | Reached XP level 18. HP: 200/200 MP: 3/34
    26 | D        | Killed a meat berserker
    26 | D        | Noticed a meat berserker
    26 | D        | Noticed a meat berserker
    27 | D        | Noticed a destroyer
    27 | D        | Noticed a meat berserker
    27 | D        | Noticed a meat berserker
    27 | D        | Noticed a meat berserker
    28 | D        | Noticed a meat berserker
    29 | D        | Killed a destroyer
    29 | D        | Killed a meat berserker
    29 | D        | Noticed a destroyer
    30 | D        | Reached XP level 19. HP: 207/207 MP: 3/35
    30 | D        | Killed a meat berserker
    32 | D        | Killed a meat berserker
    32 | D        | Noticed a meat berserker
    33 | D        | Killed a meat berserker
    33 | D        | Killed a meat berserker
    33 | D        | Killed a meat berserker
    33 | D        | Killed a meat berserker
    33 | D        | Killed a meat berserker
    34 | D        | Reached skill level 27 in Slings
    34 | D        | Reached skill level 27 in Unarmed Combat
    34 | D        | Reached skill level 27 in Evocations
    34 | D        | Reached XP level 20. HP: 216/216 MP: 4/36
    35 | D        | Killed a large bag of meat
    35 | D        | Killed a destroyer
    35 | D        | Noticed a large bag of meat
    36 | D        | Reached XP level 21. HP: 180/224 MP: 5/37
    38 | D        | Reached skill level 27 in Fire Magic
    39 | D        | Reached skill level 15 in Spellcasting
    40 | D        | Noticed a large bag of meat
    43 | D        | Reached XP level 22. HP: 233/233 MP: 6/46
    44 | D        | Noticed a destroyer
    47 | D        | Killed a large bag of meat
    48 | D        | Reached skill level 27 in Spellcasting
    48 | D        | Noticed an accursed
    49 | D        | Killed a large bag of meat
    49 | D        | Noticed a destroyer
    50 | D        | Reached skill level 27 in Short Blades
    50 | D        | Reached XP level 23. HP: 147/240 MP: 8/53
    50 | D        | Noticed a large bag of meat
    51 | D        | Noticed a large bag of meat
    52 | D        | Noticed an accursed
    52 | D        | Noticed a destroyer
    54 | D        | Noticed a destroyer
    54 | D        | Noticed a large bag of meat
    55 | D        | Killed a large bag of meat
    56 | D        | Killed an accursed
    56 | D        | Noticed an accursed
    57 | D        | Reached skill level 27 in Transmutations
    57 | D        | Noticed a tyrant
    57 | D        | Killed a destroyer
    58 | D        | Reached skill level 27 in Long Blades
    58 | D        | Reached XP level 24. HP: 189/249 MP: 10/53
    59 | D        | Reached skill level 27 in Polearms
    59 | D        | Killed a destroyer
    60 | D        | Reached skill level 27 in Maces & Flails
    60 | D        | Noticed a tyrant
    61 | D        | Killed a destroyer
    62 | D        | Reached XP level 25. HP: 248/257 MP: 11/53
    63 | D        | Killed an accursed
    64 | D        | Reached skill level 27 in Poison Magic
    64 | D        | Noticed a dread
    64 | D        | Killed a tyrant
    64 | D        | Killed a dread
    66 | D        | Reached skill level 27 in Bows
    66 | D        | Reached skill level 27 in Crossbows
    66 | D        | Reached XP level 26. HP: 266/266 MP: 12/53
    66 | D        | Killed a large bag of meat
    66 | D        | Killed a tyrant
    66 | D        | Noticed a destroyer
    66 | D        | Noticed an accursed
    67 | D        | Killed a large bag of meat
    67 | D        | Noticed a meat beast
    67 | D        | Noticed a tyrant
    68 | D        | Reached skill level 27 in Staves
    69 | D        | Killed an accursed
    70 | D        | Killed a meat beast
    70 | D        | Noticed a dread
    71 | D        | Reached XP level 27. HP: 213/273 MP: 13/53
    71 | D        | HP: 7/273 [meat berserker/+9 battleaxe (68)]
    72 | D        | Killed a destroyer
    73 | D        | Reached skill level 27 in Shields
    76 | D        | Reached skill level 27 in Throwing
    76 | D        | Noticed a meat beast
    76 | D        | Killed an accursed
    77 | D        | Killed a meat beast
    78 | D        | Reached skill level 27 in Conjurations
    78 | D        | Reached skill level 10 in Hexes
    78 | D        | Noticed a dread
    79 | D        | Noticed a destroyer
    81 | D        | Killed a destroyer
    82 | D        | Reached skill level 15 in Hexes
    82 | D        | Killed a tyrant
    82 | D        | Noticed a meat beast
    83 | D        | Noticed a destroyer
    83 | D        | Noticed a large bag of meat
    85 | D        | Noticed a meat beast
    85 | D        | Noticed a meat beast
    86 | D        | HP: 12/256 [meat beast (22)]
    86 | D        | Slain by a meat beast

Illustrated notes

Levels and vault maps discovered:
D:        meatsprint

Skill      XL: |  1  2  3  4  5  6  7  8  9 10 11 12 13 14 15 16 17 18 19 20 21 22 23 24 25 26 27 |
---------------+----------------------------------------------------------------------------------+-----
Fighting       | 16 21 25 27 | 27.0
Axes           | 16 21 25 27 | 27.0
Dodging        | 14 19 22 26 27 | 27.0
Invocations    | 11 15 18 22 27 | 27.0
Short Blades   | 2 27 | 27.0
Long Blades    | 1 27 | 27.0
Maces & Flails | 1 27 | 27.0
Polearms       | 2 26 27 | 27.0
Staves         | 2 13 27 | 27.0
Slings         | 2 20 27 | 27.0
Bows           | 2 27 | 27.0
Crossbows      | 2 27 | 27.0
Throwing       | 2 23 27 | 27.0
Armour         | 2 27 | 27.0
Shields        | 2 26 27 | 27.0
Unarmed Combat | 2 14 27 | 27.0
Spellcasting   | 1 21 27 | 27.0
Conjurations   | 1 18 27 | 27.0
Hexes          | 1 18 | 18.1
Summonings     | 1 19 | 19.6
Necromancy     | 1 19 | 19.6
Translocations | 1 19 | 19.6
Transmutations | 1 11 27 | 27.0
Fire Magic     | 1 17 26 27 | 27.0
Ice Magic      | 1 |  1.3
Air Magic      | 1 |  1.5
Earth Magic    | 1 |  1.5
Poison Magic   | 1 26 27 | 27.0
Evocations     | 1 17 27 | 27.0
Stealth        | 13 27 | 27.0

Action                   |  1- 3 |  4- 6 |  7- 9 | 10-12 | 13-15 | 16-18 | 19-21 | 22-24 | 25-27 || total
-------------------------+-------+-------+-------+-------+-------+-------+-------+-------+-------++-------
Melee: Executioner's axe |     1 |       |       |     1 |     6 |     9 |    10 |    13 |    21 ||    61
Dodge: Dodged            |       |       |       |       |       |     1 |       |     3 |     1 ||     5

Table legend: (Time is in decaauts)
 A = Elapsed time spent in this place.
 B = Non-inter-level travel time spent in this place.
 C = Inter-level travel time spent in this place.
 D = Time resting spent in this place.
 E = Time spent auto-exploring this place.
 F = Levels seen in this place.
 G = Mean time per level.
                   A        B        C        D        E       F      G
               +--------+--------+--------+--------+--------+-----+--------+
         Total |     68 |     68 |      0 |      0 |      0 |   1 |   68.0 |
       Dungeon |     68 |     68 |      0 |      0 |      0 |   1 |   68.0 |
               +--------+--------+--------+--------+--------+-----+--------+

Top non-repeatable levels by time:
       D: 68 daAuts
